[ AOE2 MATCH · #505120003 ]
UnrankedMongols vs Mongols
Player's team · WIN
Rival team · LOSS
[ REPLAY ANALYSIS · EXTRACTED FROM THE RECORDED GAME ]
Feudal
8:25
Castle
25:47
Imperial
42:57
| APM avg | 57.7 |
| APM peak | 105 |
| eAPM avg | 27.1 |
| Villagers / military | 199 / 315 |
Focus
⚔️ 50.1% · 🌾 49.9%
Camel Scout ×109 · Scout Cavalry ×91 · Skirmisher ×89 · Steppe Lancer ×7 · Trebuchet (Packed) ×7 · Militia ×6
Feudal
9:16
Castle
22:42
Imperial
39:03
| APM avg | 53.4 |
| APM peak | 99 |
| eAPM avg | 30.5 |
| Villagers / military | 211 / 262 |
Focus
⚔️ 39.9% · 🌾 60.1%
Scout Cavalry ×151 · Mangudai ×83 · Mangonel ×5 · Skirmisher ×5 · Trebuchet (Packed) ×5 · Monk ×4
Match map
Initial resources + every placement click. Lines = walls · curves = elevation contours. ◆ gold · ⬟ stone · ● berries · ✦ relic · ◌ wall gap
Your base· Open — unwalled flank
mouri's base· ✓ Closed at 22:42 · 30t walls · 3 gate(s)
Smoothed initial terrain · ◌ = detected wall gap · hover for details
Inputs per minute
— Fs.Jubileu - - mouri
Build order — Fs.Jubileu
First 150 of 748 actions detected
| 0:00 | Create | Villager (Male) |
| 0:00 | Create | Villager (Male) |
| 0:00 | Create | Villager (Male) |
| 0:00 | Create | Villager (Male) |
| 0:00 | Create | Villager (Male) |
| 0:00 | Create | Villager (Male) |
| 0:00 | Create | Villager (Male) |
| 0:00 | Create | Villager (Male) |
| 0:00 | Create | Villager (Male) |
| 0:00 | Create | Villager (Male) |
| 0:00 | Create | Villager (Male) |
| 0:00 | Create | Villager (Male) |
| 0:00 | Create | Villager (Male) |
| 0:02 | Build | House |
| 0:03 | Build | House |
| 1:27 | Create | Villager (Male) |
| 1:27 | Create | Villager (Male) |
| 1:53 | Build | Lumber Camp |
| 1:57 | Create | Villager (Male) |
| 1:57 | Create | Villager (Male) |
| 1:57 | Create | Villager (Male) |
| 2:23 | Create | Villager (Male) |
| 2:24 | Create | Villager (Male) |
| 2:24 | Create | Villager (Male) |
| 3:17 | Create | Villager (Male) |
| 3:20 | Create | Villager (Male) |
| 3:21 | Create | Villager (Male) |
| 3:21 | Create | Villager (Male) |
| 3:45 | Create | Villager (Male) |
| 3:45 | Create | Villager (Male) |
| 3:50 | Build | House |
| 4:31 | Build | Barracks |
| 4:37 | Create | Villager (Male) |
| 4:38 | Build | House |
| 5:07 | Create | Villager (Male) |
| 5:21 | Research | Loom |
| 5:38 | Build | Mill |
| 6:07 | Research | Feudal Age |
| 6:37 | Create | Militia |
| 6:38 | Create | Militia |
| 6:47 | Create | Militia |
| 6:47 | Create | Militia |
| 7:03 | Create | Militia |
| 7:31 | Create | Militia |
| 7:58 | Create | Villager (Male) |
| 8:25 | Age | Feudal Age |
| 8:38 | Build | Archery Range |
| 8:41 | Research | Man-at-Arms (upgrade) |
| 8:42 | Research | Man-at-Arms (upgrade) |
| 8:47 | Create | Villager (Male) |
| 9:09 | Create | Villager (Male) |
| 9:27 | Build | Watch Tower |
| 9:48 | Create | Villager (Male) |
| 9:49 | Create | Skirmisher |
| 9:53 | Build | House |
| 9:59 | Build | Palisade Wall |
| 10:00 | Build | Palisade Wall |
| 10:00 | Build | Palisade Wall |
| 10:02 | Build | Palisade Wall |
| 10:03 | Build | Palisade Wall |
| 10:04 | Build | Palisade Wall |
| 10:08 | Create | Skirmisher |
| 10:10 | Create | Villager (Male) |
| 10:14 | Build | Farm |
| 10:17 | Build | Farm |
| 10:18 | Build | Farm |
| 10:21 | Create | Skirmisher |
| 10:39 | Create | Villager (Male) |
| 10:43 | Build | House |
| 10:47 | Create | Skirmisher |
| 11:02 | Create | Villager (Male) |
| 11:10 | Create | Villager (Male) |
| 11:12 | Build | Palisade Wall |
| 11:20 | Create | Skirmisher |
| 11:21 | Build | House |
| 11:33 | Build | Farm |
| 11:35 | Build | House |
| 11:54 | Create | Villager (Male) |
| 12:02 | Build | House |
| 12:02 | Build | House |
| 12:10 | Build | House |
| 12:18 | Build | Stone Wall |
| 12:26 | Create | Archer |
| 12:57 | Create | Villager (Male) |
| 13:08 | Create | Villager (Male) |
| 13:13 | Build | Mill |
| 13:26 | Build | House |
| 13:30 | Create | Villager (Male) |
| 13:33 | Build | Farm |
| 13:53 | Build | Palisade Wall |
| 13:54 | Build | Palisade Wall |
| 13:55 | Build | Palisade Wall |
| 13:58 | Create | Villager (Male) |
| 14:00 | Build | Farm |
| 14:12 | Create | Villager (Male) |
| 14:30 | Create | Villager (Male) |
| 14:36 | Build | Mining Camp |
| 14:38 | Build | House |
| 14:40 | Create | Villager (Male) |
| 14:44 | Build | Farm |
| 14:52 | Create | Villager (Male) |
| 15:03 | Build | House |
| 15:06 | Create | Villager (Male) |
| 15:18 | Create | Skirmisher |
| 15:22 | Build | Palisade Wall |
| 15:22 | Build | Palisade Wall |
| 15:23 | Build | Palisade Wall |
| 15:24 | Build | Palisade Wall |
| 15:49 | Create | Skirmisher |
| 15:59 | Create | Villager (Male) |
| 16:01 | Research | Double-Bit Axe |
| 16:01 | Research | Double-Bit Axe |
| 16:06 | Create | Skirmisher |
| 16:06 | Create | Skirmisher |
| 16:29 | Build | Watch Tower |
| 16:32 | Create | Villager (Male) |
| 16:37 | Create | Villager (Male) |
| 16:42 | Create | Skirmisher |
| 16:47 | Create | Villager (Male) |
| 16:56 | Create | Skirmisher |
| 16:56 | Create | Villager (Male) |
| 17:16 | Build | Mining Camp |
| 17:20 | Create | Villager (Male) |
| 17:25 | Create | Villager (Male) |
| 17:27 | Build | Mining Camp |
| 17:36 | Create | Skirmisher |
| 17:38 | Create | Villager (Male) |
| 17:52 | Build | Palisade Wall |
| 17:53 | Build | Palisade Wall |
| 17:53 | Build | Palisade Wall |
| 17:54 | Build | Palisade Wall |
| 17:54 | Build | Palisade Wall |
| 17:55 | Build | Palisade Wall |
| 17:55 | Build | Palisade Wall |
| 17:56 | Build | Palisade Wall |
| 17:59 | Create | Villager (Male) |
| 18:00 | Create | Skirmisher |
| 18:05 | Create | Villager (Male) |
| 18:24 | Build | Blacksmith |
| 18:40 | Create | Villager (Male) |
| 18:43 | Build | Farm |
| 18:57 | Create | Villager (Male) |
| 19:04 | Build | House |
| 19:05 | Build | House |
| 19:10 | Create | Villager (Male) |
| 19:11 | Build | Farm |
| 19:15 | Research | Fletching |
| 19:21 | Build | Palisade Wall |
| 19:31 | Create | Skirmisher |
| 19:46 | Create | Villager (Male) |
Build order — mouri
First 150 of 675 actions detected
| 0:00 | Create | Villager (Male) |
| 0:01 | Create | Villager (Male) |
| 0:02 | Build | House |
| 0:02 | Build | House |
| 0:06 | Create | Villager (Male) |
| 0:10 | Create | Villager (Male) |
| 1:29 | Create | Villager (Male) |
| 1:55 | Create | Villager (Male) |
| 2:09 | Build | Lumber Camp |
| 2:19 | Create | Villager (Male) |
| 2:37 | Create | Villager (Male) |
| 3:12 | Create | Villager (Male) |
| 3:26 | Create | Villager (Male) |
| 3:31 | Create | Villager (Male) |
| 3:57 | Build | House |
| 4:09 | Build | Palisade Wall |
| 4:15 | Build | House |
| 4:20 | Create | Villager (Male) |
| 4:58 | Create | Villager (Male) |
| 5:22 | Create | Villager (Male) |
| 5:25 | Build | House |
| 5:46 | Create | Villager (Male) |
| 5:46 | Research | Loom |
| 5:55 | Build | Palisade Wall |
| 5:56 | Build | Barracks |
| 6:10 | Build | Barracks |
| 6:24 | Build | Palisade Wall |
| 6:25 | Build | Palisade Wall |
| 6:25 | Build | Palisade Wall |
| 6:25 | Build | Palisade Wall |
| 6:39 | Create | Villager (Male) |
| 7:05 | Research | Feudal Age |
| 7:10 | Build | Mill |
| 7:20 | Create | Militia |
| 7:20 | Create | Militia |
| 7:35 | Create | Militia |
| 8:10 | Build | Palisade Wall |
| 8:36 | Build | Palisade Wall |
| 8:58 | Build | Palisade Wall |
| 9:02 | Build | Palisade Wall |
| 9:02 | Build | Palisade Wall |
| 9:16 | Age | Feudal Age |
| 9:19 | Research | Man-at-Arms (upgrade) |
| 9:20 | Research | Man-at-Arms (upgrade) |
| 9:24 | Create | Spearman |
| 9:26 | Create | Villager (Male) |
| 9:27 | Research | Double-Bit Axe |
| 9:27 | Create | Villager (Male) |
| 9:31 | Build | Archery Range |
| 9:33 | Build | House |
| 9:34 | Build | House |
| 9:36 | Build | House |
| 9:47 | Create | Villager (Male) |
| 9:52 | Build | Palisade Wall |
| 10:00 | Create | Villager (Male) |
| 10:02 | Build | Archery Range |
| 10:09 | Create | Spearman |
| 10:32 | Create | Villager (Male) |
| 10:46 | Create | Villager (Male) |
| 11:03 | Create | Villager (Male) |
| 11:08 | Build | Farm |
| 11:12 | Create | Skirmisher |
| 11:12 | Create | Skirmisher |
| 11:35 | Create | Villager (Male) |
| 11:42 | Create | Skirmisher |
| 11:51 | Create | Villager (Male) |
| 11:53 | Build | Farm |
| 11:54 | Build | Farm |
| 11:54 | Build | Farm |
| 12:07 | Create | Skirmisher |
| 12:08 | Build | Farm |
| 12:09 | Create | Villager (Male) |
| 12:09 | Create | Villager (Male) |
| 12:13 | Build | Palisade Wall |
| 12:15 | Build | Palisade Gate |
| 12:30 | Create | Villager (Male) |
| 13:06 | Create | Villager (Male) |
| 13:13 | Build | Watch Tower |
| 13:15 | Build | Farm |
| 13:16 | Build | Farm |
| 13:17 | Build | Farm |
| 13:18 | Build | Farm |
| 13:21 | Build | Farm |
| 13:21 | Build | Farm |
| 13:22 | Build | Farm |
| 13:37 | Create | Villager (Male) |
| 13:49 | Build | Mining Camp |
| 14:12 | Create | Villager (Male) |
| 14:19 | Build | House |
| 14:20 | Create | Villager (Male) |
| 14:37 | Create | Villager (Male) |
| 14:38 | Build | Farm |
| 14:39 | Create | Villager (Male) |
| 14:42 | Build | Farm |
| 15:07 | Create | Villager (Male) |
| 15:15 | Create | Skirmisher |
| 15:20 | Create | Villager (Male) |
| 15:24 | Build | Farm |
| 15:25 | Build | Farm |
| 16:04 | Create | Villager (Male) |
| 16:06 | Create | Villager (Male) |
| 16:10 | Research | Horse Collar |
| 16:10 | Research | Horse Collar |
| 16:32 | Build | Watch Tower |
| 16:55 | Build | Watch Tower |
| 17:01 | Build | Mining Camp |
| 17:03 | Create | Villager (Male) |
| 17:05 | Build | Palisade Wall |
| 17:06 | Build | Palisade Wall |
| 17:10 | Create | Villager (Male) |
| 17:15 | Build | Farm |
| 17:39 | Build | House |
| 17:46 | Build | Farm |
| 17:47 | Create | Villager (Male) |
| 18:27 | Build | Watch Tower |
| 18:34 | Create | Villager (Male) |
| 18:40 | Create | Villager (Male) |
| 19:14 | Build | Market |
| 19:32 | Create | Archer |
| 19:35 | Build | Lumber Camp |
| 20:02 | Research | Castle Age |
| 20:03 | Research | Castle Age |
| 20:10 | Create | Archer |
| 20:10 | Create | Archer |
| 20:21 | Build | Palisade Gate |
| 20:22 | Build | House |
| 20:27 | Build | Palisade Gate |
| 20:37 | Create | Villager (Male) |
| 20:38 | Create | Villager (Male) |
| 20:41 | Build | Blacksmith |
| 20:46 | Build | House |
| 20:48 | Build | House |
| 20:49 | Build | House |
| 20:52 | Create | Villager (Male) |
| 20:56 | Build | House |
| 20:57 | Build | House |
| 21:34 | Build | Stable |
| 21:39 | Build | Palisade Wall |
| 21:43 | Build | Palisade Wall |
| 21:49 | Build | House |
| 21:59 | Build | Watch Tower |
| 22:09 | Research | Fletching |
| 22:10 | Create | Villager (Male) |
| 22:32 | Build | House |
| 22:42 | Age | Castle Age |
| 22:46 | Create | Villager (Male) |
| 22:56 | Build | Siege Workshop |
| 23:02 | Create | Knight |
| 23:06 | Build | Palisade Wall |
| 23:07 | Build | House |
Match timeline
| 4:09 | mouri · wall_segment Palisade Wall x2 |
| 4:31 | Fs.Jubileu · first_building Barracks |
| 5:55 | mouri · wall_segment Palisade Wall x1 |
| 5:56 | mouri · first_building Barracks |
| 6:24 | mouri · wall_segment Palisade Wall x1 |
| 6:25 | mouri · wall_segment Palisade Wall x1 |
| 6:25 | mouri · wall_segment Palisade Wall x1 |
| 6:25 | mouri · wall_segment Palisade Wall x1 |
| 8:10 | mouri · wall_segment Palisade Wall x3 |
| 8:25 | Fs.Jubileu · age_up feudal |
| 8:36 | mouri · wall_segment Palisade Wall x6 |
| 8:38 | Fs.Jubileu · first_building Archery Range |
| 8:58 | mouri · wall_segment Palisade Wall x1 |
| 9:02 | mouri · wall_segment Palisade Wall x1 |
| 9:02 | mouri · wall_segment Palisade Wall x1 |
| 9:16 | mouri · age_up feudal |
| 9:31 | mouri · first_building Archery Range |
| 9:52 | mouri · wall_segment Palisade Wall x1 |
| 9:59 | Fs.Jubileu · wall_segment Palisade Wall x1 |
| 10:00 | Fs.Jubileu · wall_segment Palisade Wall x1 |
| 10:00 | Fs.Jubileu · wall_segment Palisade Wall x1 |
| 10:02 | Fs.Jubileu · wall_segment Palisade Wall x1 |
| 10:03 | Fs.Jubileu · wall_segment Palisade Wall x1 |
| 10:04 | Fs.Jubileu · wall_segment Palisade Wall x1 |
| 11:12 | Fs.Jubileu · wall_segment Palisade Wall x1 |
| 12:13 | mouri · wall_segment Palisade Wall x6 |
| 12:18 | Fs.Jubileu · wall_segment Stone Wall x1 |
| 13:53 | Fs.Jubileu · wall_segment Palisade Wall x1 |
| 13:54 | Fs.Jubileu · wall_segment Palisade Wall x1 |
| 13:55 | Fs.Jubileu · wall_segment Palisade Wall x1 |
| 15:22 | Fs.Jubileu · wall_segment Palisade Wall x1 |
| 15:22 | Fs.Jubileu · wall_segment Palisade Wall x1 |
| 15:23 | Fs.Jubileu · wall_segment Palisade Wall x1 |
| 15:24 | Fs.Jubileu · wall_segment Palisade Wall x1 |
| 17:05 | mouri · wall_segment Palisade Wall x1 |
| 17:06 | mouri · wall_segment Palisade Wall x1 |
| 17:52 | Fs.Jubileu · wall_segment Palisade Wall x1 |
| 17:53 | Fs.Jubileu · wall_segment Palisade Wall x1 |
| 17:53 | Fs.Jubileu · wall_segment Palisade Wall x1 |
| 17:54 | Fs.Jubileu · wall_segment Palisade Wall x1 |
| 17:54 | Fs.Jubileu · wall_segment Palisade Wall x1 |
| 17:55 | Fs.Jubileu · wall_segment Palisade Wall x1 |
| 17:55 | Fs.Jubileu · wall_segment Palisade Wall x1 |
| 17:56 | Fs.Jubileu · wall_segment Palisade Wall x1 |
| 19:21 | Fs.Jubileu · wall_segment Palisade Wall x5 |
| 21:34 | mouri · first_building Stable |
| 21:39 | mouri · wall_segment Palisade Wall x1 |
| 21:43 | mouri · wall_segment Palisade Wall x5 |
| 22:15 | Fs.Jubileu · first_market_buy 100 food |
| 22:18 | Fs.Jubileu · first_market_sell 100 stone |
| 22:42 | mouri · age_up castle |
| 22:56 | mouri · first_building Siege Workshop |
| 23:06 | mouri · wall_segment Palisade Wall x1 |
| 23:24 | Fs.Jubileu · first_building Stable |
| 23:36 | mouri · wall_segment Palisade Wall x5 |
| 24:45 | mouri · first_building Castle |
| 24:59 | mouri · first_market_buy 100 stone |
| 25:47 | Fs.Jubileu · age_up castle |
| 34:10 | mouri · wall_segment Stone Wall x7 |
| 39:03 | mouri · age_up imperial |
| 39:09 | Fs.Jubileu · first_building Monastery |
| 39:18 | mouri · first_market_sell 100 wood |
| 42:57 | Fs.Jubileu · age_up imperial |
| 44:01 | mouri · first_building Monastery |
| 50:34 | Fs.Jubileu · first_building Castle |
| 60:13 | mouri · resign |
[ AI ANALYSIS · 1 CREDIT ]
What really happened in this match?
Wolo.gg analyzes every decision: build order, eco, micro, common mistakes by bracket. Personalized analysis on WhatsApp or Discord in 30 seconds.
Civ guide
Mongols
Perfil
Jugador #1175237